 Dungeon Crawl Stone Soup version 0.30-a0-305-g026cb31310 (webtiles) character file.

Game seed: 16724821031463632975

91 McGhostyFace the Covert (level 4, -3/41 HPs)
             Began as a Gnoll Delver on Oct 23, 2022.
             Slain by an ice beast (13 damage)
             ... on level 6 of the Dungeon.
             The game lasted 00:00:51 (116 turns).

McGhostyFace the Covert (Gnoll Delver)               Turns: 116, Time: 00:00:52

Health: -3/41      AC:  3    Str: 12    XL:     4   Next: 59%
Magic:  5/5        EV: 13    Int: 11    God:
Gold:   0          SH:  0    Dex: 13    Spells: 5/5 levels left

rFire   . . .      SeeInvis .    a - +0 short sword
rCold   . . .      Faith    .    (no shield)
rNeg    . . .      Spirit   .    b - +0 leather armour
rPois   .          Reflect  .    (no helmet)
rElec   .          Harm     .    (no cloak)
rCorr   .          Rampage  .    (no gloves)
Will    .....                    (no boots)
Stlth   ++++......               (no amulet)
HPRegen 0.26/turn                (no ring)
MPRegen 0.09/turn                (no ring)

@: hasted, very quick
A: fangs 1, strong nose, distributed training
a: no special abilities


You were on level 6 of the Dungeon.
You visited 1 branch of the dungeon, and saw 2 of its levels.

Inventory:

Hand Weapons
 a - a +0 short sword (weapon)
Armour
 b - a +0 leather armour (worn)
Wands
 g - a wand of digging (3)
Scrolls
 c - a scroll of fog
 d - a scroll of magic mapping
 e - a scroll of fear
 i - a scroll of identify {unknown}
Potions
 h - a potion of degeneration {unknown}


   Skills:
 + Level 6.6 Fighting
 + Level 4.7 Short Blades
 + Level 1.2 Long Blades
 + Level 1.2 Axes
 + Level 1.2 Maces & Flails
 + Level 1.2 Polearms
 + Level 1.2 Staves
 + Level 1.2 Ranged Weapons
 + Level 1.2 Throwing
 + Level 1.2 Armour
 + Level 4.7 Dodging
 + Level 9.6 Stealth
 + Level 1.2 Shields
 + Level 1.2 Unarmed Combat
 + Level 1.2 Spellcasting
 + Level 1.0 Conjurations
 + Level 1.0 Hexes
 + Level 1.0 Summonings
 + Level 1.0 Necromancy
 + Level 1.0 Translocations
 + Level 1.0 Transmutations
 + Level 1.0 Fire Magic
 + Level 1.0 Ice Magic
 + Level 1.0 Air Magic
 + Level 1.0 Earth Magic
 + Level 1.0 Poison Magic
 + Level 1.3 Invocations
 + Level 1.2 Evocations


You had 5 spell levels left.
You didn't know any spells.
Your spell library was empty.

Dungeon Overview and Level Annotations

Branches:
Dungeon (6/15)
 Temple: D:4-7

Altars:

Annotations:
D:6 Prince Ribbit


Innate Abilities, Weirdness & Mutations

You have very sharp teeth.
Your uncanny sense of smell can sniff out nearby items.
Your experience applies equally to all skills.


Message History

Your Invocations skill increases to level 1!
Your Evocations skill increases to level 1!
You have reached level 2!
You have reached level 3!
Your experience leads to an increase in your attributes!
Increase (S)trength, (I)ntelligence, or (D)exterity?
You feel clever. x2
You have reached level 4!
You feel stronger.
You start resting.
Magic restored.
i - a scroll labelled FATEM UNEDEYBUMMA
Found a stone staircase leading down.
An orc and an ice beast come into view.
Prince Ribbit comes into view.
You see here a black bear corpse.
You barely miss the orc. You bite the orc.
The orc is lightly wounded.
The orc closely misses you.
You closely miss the orc.
The orc is lightly wounded.
The orc hits you with a +0 flail. The ice beast closely misses you.
You hit the orc. You punch the orc.
The orc is almost dead.
The orc hits you with a +0 flail. The ice beast hits you.
The ice beast freezes you!
You hit the orc.
You kill the orc!
You feel yourself speed up. The ice beast hits you. The ice beast freezes you!
* * * LOW HITPOINT WARNING * * *
You closely miss the ice beast. The ice beast closely misses you.
You hit the ice beast but do no damage.
Unknown command.
You barely miss the ice beast.
You punch the ice beast, but do no damage.
The ice beast completely misses you.
You hit the ice beast but do no damage. The ice beast hits you.
* * * LOW HITPOINT WARNING * * *
The ice beast freezes you!
You die...

..?.......# ∆
#.........# .
#..F....... #.
###..#####.##.......
...#...o.......#.......
......######....#......
#......####.†....#.....
#....<##.............
####..@)..##...###...
###.Y.##......# #
##.###............ ###
##...........
##......##.# ........#
# .........#
#..#.....## ##.##....#


You could see an ice beast.

Vanquished Creatures
  A black bear (D:6)
  An orc (D:6)
2 creatures vanquished.

Notes
Turn   | Place    | Note
-------+----------+-------------------------------------------
     0 | D:5      | Reached skill level 9 in Stealth
     0 | D:5      | McGhostyFace the Gnoll Delver began the quest for the Orb.
     0 | D:5      | Reached XP level 1. HP: 23/23 MP: 1/1
     9 | D:5      | Noticed a phantom
    23 | D:6      | Noticed a black bear
    28 | D:6      | Killed a black bear
    29 | D:6      | Reached skill level 1 in Long Blades
    29 | D:6      | Reached skill level 1 in Axes
    29 | D:6      | Reached skill level 1 in Maces & Flails
    29 | D:6      | Reached skill level 1 in Polearms
    29 | D:6      | Reached skill level 1 in Staves
    29 | D:6      | Reached skill level 1 in Ranged Weapons
    29 | D:6      | Reached skill level 1 in Throwing
    29 | D:6      | Reached skill level 1 in Armour
    29 | D:6      | Reached skill level 1 in Shields
    29 | D:6      | Reached skill level 1 in Unarmed Combat
    29 | D:6      | Reached skill level 1 in Spellcasting
    29 | D:6      | Reached skill level 1 in Conjurations
    29 | D:6      | Reached skill level 1 in Hexes
    29 | D:6      | Reached skill level 1 in Summonings
    29 | D:6      | Reached skill level 1 in Necromancy
    29 | D:6      | Reached skill level 1 in Translocations
    29 | D:6      | Reached skill level 1 in Transmutations
    29 | D:6      | Reached skill level 1 in Fire Magic
    29 | D:6      | Reached skill level 1 in Ice Magic
    29 | D:6      | Reached skill level 1 in Air Magic
    29 | D:6      | Reached skill level 1 in Earth Magic
    29 | D:6      | Reached skill level 1 in Poison Magic
    29 | D:6      | Reached skill level 1 in Invocations
    29 | D:6      | Reached skill level 1 in Evocations
    29 | D:6      | Reached XP level 2. HP: 29/29 MP: 1/3
    29 | D:6      | Reached XP level 3. HP: 35/35 MP: 1/4
    29 | D:6      | Reached XP level 4. HP: 41/41 MP: 1/5
    96 | D:6      | Noticed an ice beast
    97 | D:6      | Noticed Prince Ribbit
   116 | D:6      | Slain by an ice beast

Illustrated notes

Levels and vault maps discovered:
D:5:      layout_rooms, gup_ossuary_entry_pyramid
D:6:      gammafunk_steamed_eel, layout_cave_pools,
          eat_drink_and_be_merry_uskayaw, serial_shops, shop,
          uniq_prince_ribbit1, uniq_edmund, uniq_sigmund

Skill      XL: |  1 |
---------------+----+-----
Stealth        | |  9.6
Long Blades    | 1 |  1.2
Axes           | 1 |  1.2
Maces & Flails | 1 |  1.2
Polearms       | 1 |  1.2
Staves         | 1 |  1.2
Ranged Weapons | 1 |  1.2
Throwing       | 1 |  1.2
Armour         | 1 |  1.2
Shields        | 1 |  1.2
Unarmed Combat | 1 |  1.2
Spellcasting   | 1 |  1.2
Conjurations   | 1 |  1.0
Hexes          | 1 |  1.0
Summonings     | 1 |  1.0
Necromancy     | 1 |  1.0
Translocations | 1 |  1.0
Transmutations | 1 |  1.0
Fire Magic     | 1 |  1.0
Ice Magic      | 1 |  1.0
Air Magic      | 1 |  1.0
Earth Magic    | 1 |  1.0
Poison Magic   | 1 |  1.0
Invocations    | 1 |  1.3
Evocations     | 1 |  1.2
Fighting       | |  6.6
Short Blades   | |  4.7
Dodging        | |  4.7

Action                   |  1- 3 |  4- 6 || total
-------------------------+-------+-------++-------
Melee: Short sword       |     1 |     8 ||     9
       Punch             |       |     2 ||     2
       Bite              |       |     1 ||     1
  Use: Potion            |       |     1 ||     1
 Stab: Sleeping          |     1 |       ||     1
Dodge: Dodged            |       |     4 ||     4

Table legend: (Time is in decaauts)
 A = Elapsed time spent in this place.
 B = Non-inter-level travel time spent in this place.
 C = Inter-level travel time spent in this place.
 D = Time resting spent in this place.
 E = Time spent auto-exploring this place.
 F = Levels seen in this place.
 G = Mean time per level.
                   A        B        C        D        E       F      G
               +--------+--------+--------+--------+--------+-----+--------+
         Total |    113 |    113 |      0 |     40 |      0 |   2 |   56.5 |
       Dungeon |    113 |    113 |      0 |     40 |      0 |   2 |   56.5 |
               +--------+--------+--------+--------+--------+-----+--------+

Top non-repeatable levels by time:
     D:6: 91 daAuts
     D:5: 22 daAuts
